 Dungeon Crawl Stone Soup version 0.29.0-4-gdea44cf6ec (webtiles) character file.

Game seed: 3875484121413655750

84422 qw the Severer (level 14, -3/113 (132) HPs)
             Began as a Minotaur Fighter on Sept 4, 2022.
             Was the Champion of Ru.
             Engulfed by a cloud of freezing vapour (19 damage)
             ... on level 2 of the Orcish Mines.
             The game lasted 00:11:58 (24255 turns).

qw the Severer (Minotaur Fighter)                  Turns: 24255, Time: 00:11:59

HP:   -3/113 (132)  AC: 28    Str: 25    XL:     14   Next: 35%
MP:   13/13         EV: 17    Int:  5    God:    Ru [******]
Gold: 36            SH: 12    Dex: 11    Spells: 13/13 levels left

rFire   . . .      SeeInvis +   v - +6 war axe (vamp)
rCold   . . .      Faith    .   t - +0 kite shield {reflect}
rNeg    . . .      Spirit   .   u - +1 plate armour {rPois}
rPois   +          Reflect  +   e - +2 hat
rElec   .          Harm     .   s - +2 cloak
rCorr   .          Rampage  .   a - +1 pair of gloves
Will    +....                   g - +1 pair of boots of Goho {SInv}
Stlth   ..........              r - amulet of regeneration
HPRegen 1.08/turn               j - +4 ring of evasion
MPRegen 0.13/turn               k - +4 ring of evasion

@: heavily drained
A: horns 2, inability to use devices, no earth magic, no hexes magic, no
necromancy magic, unskilled 1, inexperienced 1, missing an eye, retaliatory
headbutt
a: Renounce Religion, Draw Out Power, Power Leap, Apocalypse


You were on level 2 of the Orcish Mines.
You worshipped Ru.
Ru was exalted by your worship.
You visited 3 branches of the dungeon, and saw 22 of its levels.
You also visited: Ossuary.

You collected 2245 gold pieces.
You spent 2209 gold pieces at shops.


Innate Abilities, Weirdness & Mutations

You have a pair of horns on your head.
You cannot study or use magical devices.
You cannot study or cast Earth magic.
You cannot study or cast Hexes magic.
You cannot study or cast Necromancy magic.
You are somewhat unskilled. (-1 Apt)
You are somewhat inexperienced. (-1 XL)
You are missing an eye, making it more difficult to aim.
You reflexively headbutt those who attack you in melee.


   Skills:
 + Level 14.0 Fighting
 - Level 17.0 Axes
 - Level 6.0 Throwing
 - Level 14.0 Armour
 - Level 6.0 Dodging
 - Level 14.3 Shields


You had 13 spell levels left.
You didn't know any spells.
Your spell library was empty.

Inventory:

Hand Weapons
 o - a +1 vorpal morningstar
 v - a +6 vampiric war axe (weapon)
Missiles
 m - 28 boomerangs
 x - 2 silver boomerangs (quivered)
Armour
 a - a +1 pair of gloves (worn)
 e - a +2 hat (worn)
 g - the +1 pair of boots of Goho (worn) {SInv}
   (You acquired it on level 5 of the Dungeon)

   SInv:      It lets you see invisible.
 l - a +2 plate armour of positive energy
 q - the +0 chain mail of Uttue {rF+}
   (You acquired it on level 15 of the Dungeon)

   rF:        It protects you from fire.
 s - a +2 cloak (worn)
 t - a +0 kite shield of reflection (worn)
 u - a +1 plate armour of poison resistance (worn)
Jewellery
 j - a +4 ring of evasion (left hand)
 k - a +4 ring of evasion (right hand)
 r - an amulet of regeneration (around neck)
Scrolls
 f - a scroll of brand weapon
 h - 8 scrolls of identify
Potions
 b - 3 potions of resistance
 c - 3 potions of heal wounds
 d - 4 potions of might
 i - 7 potions of curing
 n - 4 potions of mutation
 p - 6 potions of haste

Dungeon Overview and Level Annotations

Branches:
Dungeon (15/15)            Temple (0/1) D:4            Lair (5/5) D:9
  Swamp (0/4) Lair:3        Snake (0/4) Lair:3        Slime (0/5) Lair:4
    Orc (2/2) D:9             Elf (0/3) Orc:2        Vaults (0/5) D:14
 Depths (0/4) D:15        Ossuary (visited)

Altars:
Fedhas
Qazlal
Ru
Uskayaw
Wu Jian
The Shining One

Shops:
D:4 *   D:12 *   D:15 *   Orc:2 *(!:

Portals:
Bazaar: Orc:2

Annotations:
D:5 1 runed translucent door, Crazy Yiuf
D:9 1 runed translucent door, qw's ghost, novice TeWr


Message History

24235 ||| Stepping randomly (stuck).
You're in a travel-excluded area, stopping explore.
You're in a travel-excluded area, stopping travel.
You're in a travel-excluded area, stopping explore.
24236 ||| Stepping randomly (stuck).
You're in a travel-excluded area, stopping explore.
You're in a travel-excluded area, stopping travel.
You're in a travel-excluded area, stopping explore.
24237 ||| Stepping randomly (stuck).
You're in a travel-excluded area, stopping explore.
You're in a travel-excluded area, stopping travel.
You're in a travel-excluded area, stopping explore.
24238 ||| Stepping randomly (stuck).
You're in a travel-excluded area, stopping explore.
You're in a travel-excluded area, stopping travel.
You're in a travel-excluded area, stopping explore.
24239 ||| Stepping randomly (stuck).
You are engulfed in freezing vapours.
You're standing in a cloud of freezing vapour!
You are engulfed in freezing vapours.
You're standing in a cloud of freezing vapour!
You are engulfed in freezing vapours.
You're standing in a cloud of freezing vapour!
You are engulfed in freezing vapours.
You start resting.
You are engulfed in freezing vapours.
You're standing in a cloud of freezing vapour!
You're standing in a cloud of freezing vapour!
You are engulfed in freezing vapours.
You're standing in a cloud of freezing vapour!
You are engulfed in freezing vapours.
You're standing in a cloud of freezing vapour!
You are engulfed in freezing vapours.
You start resting.
You are engulfed in freezing vapours.
You're standing in a cloud of freezing vapour!
You are engulfed in freezing vapours.
You're standing in a cloud of freezing vapour!
You are engulfed in freezing vapours.
You die...

.#................#......##.#.##
..........#.......)..).........#
..........#......0.00[......#.##
...[............(.00.......####
..)..............)00.0.).....##
..)..............^[00#........#
..)[...........[.000~0........##
.......[)[......0)000#.........#
)[.....[.[..#...@00~###0....#.##
)....).[<[.....#.0.## #.##..###
.....).[......#.....##...#...#
.............#.....###...##.##
.......#...........####. ###
........#...........#
....................######
.....................##..##
...........#.........#....#


There were no monsters in sight!

Vanquished Creatures
  2 orc warlords
  A stone giant (D:15)
  A dire elephant (Lair:5)
  4 hydras
  Erolcha (Orc:1)
  Harold (D:10)
  3 centaur warriors
  7 boulder beetles
  3 two-headed ogres
  A catoblepas (Lair:5)
  Urug (Lair:1)
  A tengu warrior (D:15)
  3 death yaks (Lair:5)
  2 wizards
  2 deep trolls (D:15)
  2 lindwurms (Lair:5)
  An obsidian statue (D:13)
  9 orc knights
  2 deep elf pyromancers
  4 cyclopes
  An orc sorcerer (Orc:2)
  4 oklob plants
  3 manticores
  7 black mambas
  Maurice (D:13)
  9 elephants
  8 cane toads
  4 kobold demonologists
  A rime drake (Lair:2)
  Maggie (D:9)
  5 komodo dragons
  2 efreet (D:14)
  2 yaktaurs (D:14)
  Psyche (D:8)
  3 tengu conjurers
  22 slime creatures
  Grinder (D:6)
  6 trolls
  6 polar bears (Lair:2)
  19 blink frogs
  13 dream sheep
  4 shadows
  Sigmund (D:5)
  A wraith (D:10)
  7 wyverns
  53 yaks
  4 humans (D:7)
  A hog (shapeshifter) (D:15)
  10 vampire mosquitoes
  6 basilisks
  A two-headed ogre zombie (D:9)
  An acid dragon (shapeshifter) (D:14)
  9 wargs
  3 nagas (Lair:3)
  15 water moccasins
  A floating eye (Lair:5)
  A sky beast (D:7)
  8 black bears
  40 orc warriors
  9 wolves
  13 centaurs
  4 ogres
  16 kobold brigands
  12 bullfrogs
  A necrophage (D:7)
  3 scorpions
  2 gnoll sergeants (D:10)
  5 wights (D:6)
  2 troll zombies (D:9)
  A killer bee (D:10)
  A howler monkey (D:12)
  2 crimson imps (D:13)
  A quasit (D:13)
  An iron imp (D:13)
  8 orc priests
  4 hounds
  3 jellies
  4 gnoll boudas
  2 iguanas
  25 orc wizards
  A hell rat (Lair:5)
  5 ogre zombies (D:9)
  8 mummies (Ossuary)
  18 gnolls
  11 adders
  A shadow imp (D:13)
  A white imp (D:6)
  2 ufetubi
  78 orcs
  3 bats (D:2)
  7 endoplasms
  A giant cockroach (D:2)
  A gnoll zombie (Ossuary)
  10 goblins
  7 hobgoblins
  5 quokkas
  5 ball pythons
  5 frilled lizards
  A goblin skeleton (D:9)
  2 goblin zombies (D:9)
  3 hobgoblin skeletons (D:9)
  7 hobgoblin zombies
  42 kobolds
  2 kobold zombies (Ossuary)
  3 orc skeletons (D:9)
  14 orc zombies
  7 rats
  A bush (D:9)
706 creatures vanquished.

Vanquished Creatures (others)
  Rupert (Orc:2)
  A yaktaur captain (D:14)
  Erica (D:10)
  A two-headed ogre (D:11)
  A gargoyle (D:12)
  A polar bear (Lair:2)
  A dream sheep (Lair:5)
  A blink frog (Lair:5)
  A slime creature (D:13)
  A basilisk (D:14)
  A warg (Orc:2)
  4 orc warriors (Orc:2)
  A centaur (D:12)
  An orc priest (Orc:2)
  10 orcs
  3 bushes
  35 fungi
  61 plants
126 creatures vanquished.

Grand Total: 832 creatures vanquished

Notes
Turn   | Place    | Note
-------+----------+-------------------------------------------
     0 | D:1      | qw the Minotaur Fighter began the quest for the Orb.
     0 | D:1      | Reached XP level 1. HP: 19/19 MP: 0/0
     0 | D:1      | 0 ||| qw: Version: 0.1-a-103-gd6f5d3a
     0 | D:1      | 0 ||| qw: Game counter: 5645
     0 | D:1      | 0 ||| qw: Always use a shield: true
     0 | D:1      | 0 ||| qw: God list: Ru
     0 | D:1      | 0 ||| qw: Allow faded altars: false
     0 | D:1      | 0 ||| qw: Do Orc after D:15 true
     0 | D:1      | 0 ||| qw: Do second Lair branch before Depths: true
     0 | D:1      | 0 ||| qw: Lair rune preference: random
     0 | D:1      | 0 ||| qw: Plans: Normal
     0 | D:1      | 0 ||| PLANNING D:1-11
   181 | D:1      | Reached skill level 3 in Axes
   233 | D:1      | 233 ||| Stepping ~*~*~tactically~*~*~ (stealth).
   234 | D:1      | 234 ||| Stepping ~*~*~tactically~*~*~ (stealth).
   235 | D:1      | 235 ||| Stepping ~*~*~tactically~*~*~ (stealth).
   249 | D:1      | Reached XP level 2. HP: 14/26 MP: 1/1
   423 | D:1      | 423 ||| Stepping ~*~*~tactically~*~*~ (stealth).
   426 | D:1      | 426 ||| Stepping ~*~*~tactically~*~*~ (stealth).
   659 | D:1      | 659 ||| Stepping ~*~*~tactically~*~*~ (stealth).
   709 | D:1      | Reached skill level 4 in Axes
   863 | D:1      | Found a faded altar of an unknown god.
  1094 | D:1      | 1094 ||| UPGRADING to +0 kite shield.
  1104 | D:1      | 1104 ||| DROPPING +0 buckler.
  1105 | D:1      | 1105 ||| UPGRADING to +4 ring of evasion.
  1106 | D:1      | 1106 ||| READING scroll labelled HIT VANIRI.
  1107 | D:1      | 1107 ||| READING scroll labelled BEIHIT ZOCKYMO.
  1108 | D:1      | 1108 ||| READING scroll labelled ELABRO ERIP.
  1109 | D:1      | 1109 ||| READING scroll labelled RESA VODEHE.
  1110 | D:1      | 1110 ||| READING scroll labelled TATODE JUSO.
  1373 | D:2      | Reached XP level 3. HP: 31/31 MP: 2/2
  1614 | D:2      | 1614 ||| DROPPING +0 club.
  1640 | D:2      | 1640 ||| Stepping ~*~*~tactically~*~*~ (stealth).
  1644 | D:2      | 1644 ||| Stepping ~*~*~tactically~*~*~ (stealth).
  1713 | D:2      | Reached skill level 5 in Axes
  2132 | D:2      | 2132 ||| READING scroll labelled EPNIHY VUPNIUNOU.
  2135 | D:2      | 2135 ||| READING scroll labelled DUFIL SECLU.
  2136 | D:2      | 2136 ||| READING 3 scrolls labelled MARHAN EKOBE.
  2237 | D:2      | 2237 ||| DRINKING 2 fizzy purple potions.
  2238 | D:2      | 2238 ||| DROPPING 2 scrolls of silence.
  2319 | D:3      | Found an ornate altar of the Wu Jian Council.
  2351 | D:3      | Reached XP level 4. HP: 39/39 MP: 3/3
  2736 | D:3      | Reached skill level 1 in Dodging
  2959 | D:3      | 2959 ||| UPGRADING to +0 chain mail.
  2969 | D:3      | 2969 ||| DROPPING +0 scale mail.
  2989 | D:4      | Noticed a black bear
  2989 | D:4      | Found Irhecuuc's Assorted Antiques.
  2990 | D:4      | 2990 ||| PLANNING OSSUARY
  2996 | D:4      | Killed a black bear
  2997 | D:4      | Reached skill level 6 in Axes
  2997 | D:4      | Reached XP level 5. HP: 42/45 MP: 4/4
  3033 | D:4      | 3033 ||| BUYING metallic golden potion (21 gold).
  3033 | D:4      | Bought a metallic golden potion for 21 gold pieces
  3033 | D:4      | 3033 ||| SHOPLISTING pair of gloves (108 gold, have 107).
  3033 | D:4      | 3033 ||| SHOPLISTING plate armour (552 gold, have 107).
  3033 | D:4      | 3033 ||| BUYING ruby potion (21 gold).
  3033 | D:4      | Bought a ruby potion for 21 gold pieces
  3033 | D:4      | 3033 ||| BUYING scroll labelled TORUOC XETUY (24 gold).
  3033 | D:4      | Bought a scroll labelled TORUOC XETUY for 24 gold pieces
  3033 | D:4      | 3033 ||| BUYING sedimented ruby potion (21 gold).
  3033 | D:4      | Bought a sedimented ruby potion for 21 gold pieces
  3037 | D:4      | 3037 ||| READING scroll of enchant weapon.
  3037 | D:4      | 3037 ||| ENCHANTING +1 war axe of venom.
  3113 | D:4      | Found a sacrificial altar of Ru.
  3167 | D:4      | Reached XP level 6. HP: 27/51 MP: 5/5
  3169 | D:4      | Reached skill level 7 in Axes
  3184 | D:4      | 3184 ||| FLEEEEING.
  3185 | D:4      | 3185 ||| FLEEEEING.
  3333 | D:4      | Became a worshipper of Ru the Awakened
  3357 | D:4      | Found a sand-covered staircase.
  3358 | D:4      | 3358 ||| READING scroll labelled TORUOC XETUY.
  3359 | D:4      | 3359 ||| DRINKING 2 fizzy golden potions.
  3360 | D:4      | 3360 ||| DRINKING 2 green potions.
  3361 | D:4      | 3361 ||| DROPPING potion of degeneration.
  3362 | D:4      | 3362 ||| DROPPING potion of brilliance.
  3368 | Ossuary  | Entered an ossuary
  3855 | Ossuary  | 3855 ||| DRINKING 2 metallic golden potions.
  3856 | Ossuary  | 3856 ||| DRINKING 2 inky potions.
  3857 | Ossuary  | 3857 ||| DRINKING 2 blue potions.
  3858 | Ossuary  | 3858 ||| DRINKING 2 white potions.
  3963 | Ossuary  | 3963 ||| DRINKING 5 sedimented ruby potions.
  3964 | Ossuary  | 3964 ||| DROPPING potion of attraction.
  3965 | Ossuary  | 3965 ||| DROPPING potion of berserk rage.
  3988 | D:4      | 3988 ||| PLANNING D:1-11
  3999 | D:4      | Found a staircase to the Ecumenical Temple.
  4054 | D:4      | Reached skill level 8 in Axes
  4054 | D:4      | Reached XP level 7. HP: 42/59 MP: 6/6
  4222 | D:4      | 4222 ||| Stepping ~*~*~tactically~*~*~ (hiding).
  4225 | D:4      | 4225 ||| DRINKING 3 potions of curing.
  4225 | D:4      | 4225 ||| (to cure confusion)
  4469 | D:4      | 4469 ||| READING 3 scrolls of identify.
  4469 | D:4      | 4469 ||| IDENTIFYING metallic coppery potion
  4470 | D:4      | 4470 ||| DRINKING potion of experience.
  4470 | D:4      | Reached skill level 15 in Shields
  4470 | D:4      | Reached XP level 8. HP: 66/66 MP: 7/7
  4471 | D:4      | 4471 ||| READING 2 scrolls of identify.
  4471 | D:4      | 4471 ||| IDENTIFYING ruby potion
  4485 | D:5      | Entered Level 5 of the Dungeon
  4514 | D:5      | Found a runed translucent door.
  4515 | D:5      | Noticed Crazy Yiuf
  4644 | D:5      | 4644 ||| Stepping ~*~*~tactically~*~*~ (hiding).
  4691 | D:5      | 4691 ||| Stepping ~*~*~tactically~*~*~ (stealth).
  4711 | D:5      | 4711 ||| Stepping ~*~*~tactically~*~*~ (stealth).
  4721 | D:5      | 4721 ||| Stepping ~*~*~tactically~*~*~ (stealth).
  4723 | D:5      | 4723 ||| Stepping ~*~*~tactically~*~*~ (stealth).
  4725 | D:5      | 4725 ||| Stepping ~*~*~tactically~*~*~ (stealth).
  4728 | D:5      | 4728 ||| Stepping ~*~*~tactically~*~*~ (stealth).
  4729 | D:5      | 4729 ||| Stepping ~*~*~tactically~*~*~ (stealth).
  4734 | D:5      | 4734 ||| Stepping ~*~*~tactically~*~*~ (hiding).
  4840 | D:5      | 4840 ||| INVOKING Sacrifice Arcana.
  4840 | D:5      | Gained mutation: You cannot study or cast Earth magic. [Ru
                  | sacrifice]
  4840 | D:5      | Gained mutation: You cannot study or cast Hexes magic. [Ru
                  | sacrifice]
  4840 | D:5      | Gained mutation: You cannot study or cast Necromancy magic.
                  | [Ru sacrifice]
  4840 | D:5      | Reached * piety under Ru
  4963 | D:5      | Noticed Sigmund
  4968 | D:5      | Killed Sigmund
  4995 | D:5      | 4995 ||| READING scroll of brand weapon.
  4995 | D:5      | 4995 ||| BRANDING +2 war axe of venom.
  5012 | D:5      | Reached skill level 9 in Axes
  5281 | D:5      | 5281 ||| SWAPPING to +2 war axe of venom.
  5282 | D:5      | 5282 ||| DROPPING +2 war axe of chaos.
  5453 | D:5      | 5453 ||| DROPPING amulet of magic regeneration.
  5454 | D:5      | 5454 ||| READING scroll labelled SOXZEO NITESU.
  5455 | D:5      | 5455 ||| READING scroll labelled VYZAROLUEGU.
  5455 | D:5      | Identified a scroll of acquirement
  5455 | D:5      | 5455 ||| ACQUIRING +1 pair of boots of Goho {SInv}
  5455 | D:5      | Acquired the +1 pair of boots of Goho {SInv}
  5457 | D:5      | 5457 ||| UPGRADING to +1 pair of boots of Goho {SInv}.
  5700 | D:6      | 5700 ||| Stepping ~*~*~tactically~*~*~ (hiding).
  5751 | D:6      | Noticed Grinder
  5753 | D:6      | Paralysed by Grinder for 5 turns
  5766 | D:6      | Killed Grinder
  5767 | D:6      | Reached XP level 9. HP: 62/74 MP: 8/8
  6485 | D:6      | 6485 ||| Stepping ~*~*~tactically~*~*~ (stealth).
  6493 | D:6      | Reached skill level 10 in Axes
  6737 | D:7      | 6737 ||| DRINKING 4 potions of curing.
  6737 | D:7      | 6737 ||| (to cure confusion)
  6760 | D:7      | 6760 ||| Stepping ~*~*~tactically~*~*~ (hiding).
  6762 | D:7      | 6762 ||| Stepping ~*~*~tactically~*~*~ (hiding).
  6770 | D:7      | 6770 ||| Stepping ~*~*~tactically~*~*~ (hiding).
  6778 | D:7      | 6778 ||| Stepping ~*~*~tactically~*~*~ (hiding).
  6848 | D:7      | Found a blossoming altar of Fedhas.
  6893 | D:7      | 6893 ||| Stepping ~*~*~tactically~*~*~ (stealth).
  7178 | D:7      | 7178 ||| INVOKING Sacrifice Skill.
  7178 | D:7      | Gained mutation: You are somewhat unskilled. (-1 Apt) [Ru
                  | sacrifice]
  7178 | D:7      | Reduced skill Axes to level 9
  7178 | D:7      | Reduced skill Dodging to level 1
  7178 | D:7      | Reached ** piety under Ru
  7281 | D:7      | 7281 ||| Stepping ~*~*~tactically~*~*~ (hiding).
  7303 | D:7      | HP: 18/75 [human/+0 flail (5)]
  7304 | D:7      | 7304 ||| READING 4 scrolls of teleportation.
  7305 | D:7      | 7305 ||| DRINKING potion of heal wounds.
  7306 | D:7      | Reached skill level 10 in Axes
  7641 | D:7      | 7641 ||| DRINKING 2 yellow potions.
  7642 | D:7      | 7642 ||| DROPPING potion of magic.
  7658 | D:8      | 7658 ||| STAIRDANCE
  7665 | D:8      | 7665 ||| STAIRDANCE
  7717 | D:8      | 7717 ||| Stepping ~*~*~tactically~*~*~ (stealth).
  7718 | D:8      | 7718 ||| Stepping ~*~*~tactically~*~*~ (stealth).
  7741 | D:8      | 7741 ||| Stepping ~*~*~tactically~*~*~ (stealth).
  7756 | D:8      | 7756 ||| Stepping ~*~*~tactically~*~*~ (stealth).
  7757 | D:8      | 7757 ||| Stepping ~*~*~tactically~*~*~ (stealth).
  7758 | D:8      | 7758 ||| Stepping ~*~*~tactically~*~*~ (stealth).
  7760 | D:8      | 7760 ||| Stepping ~*~*~tactically~*~*~ (stealth).
  7761 | D:8      | 7761 ||| Stepping ~*~*~tactically~*~*~ (stealth).
  7765 | D:8      | 7765 ||| Stepping ~*~*~tactically~*~*~ (stealth).
  7887 | D:8      | Noticed Psyche
  7909 | D:8      | Killed Psyche
  7910 | D:8      | Reached XP level 10. HP: 66/81 MP: 7/9
  7958 | D:8      | 7958 ||| Stepping ~*~*~tactically~*~*~ (stealth).
  7960 | D:8      | 7960 ||| Stepping ~*~*~tactically~*~*~ (stealth).
  8716 | D:9      | Noticed Maggie
  8726 | D:9      | Reached skill level 11 in Axes
  8728 | D:9      | Killed Maggie
  8897 | D:9      | 8897 ||| DROPPING +2 flail of protection.
  8904 | D:9      | 8904 ||| READING scroll of brand weapon.
  8904 | D:9      | 8904 ||| BRANDING +2 war axe of venom.
  8924 | D:9      | Found a runed translucent door.
  8983 | D:9      | 8983 ||| Stepping ~*~*~tactically~*~*~ (stealth).
  8984 | D:9      | 8984 ||| Stepping ~*~*~tactically~*~*~ (stealth).
  8987 | D:9      | 8987 ||| Stepping ~*~*~tactically~*~*~ (stealth).
  8995 | D:9      | 8995 ||| Stepping ~*~*~tactically~*~*~ (stealth).
  9002 | D:9      | Reached skill level 6 in Fighting
  9014 | D:9      | 9014 ||| Stepping ~*~*~tactically~*~*~ (stealth).
  9015 | D:9      | 9015 ||| Stepping ~*~*~tactically~*~*~ (stealth).
  9020 | D:9      | 9020 ||| Stepping ~*~*~tactically~*~*~ (stealth).
  9032 | D:9      | 9032 ||| FLEEEEING.
  9033 | D:9      | 9033 ||| FLEEEEING.
  9034 | D:9      | 9034 ||| FLEEEEING.
  9035 | D:9      | 9035 ||| FLEEEEING.
  9036 | D:9      | 9036 ||| FLEEEEING.
  9037 | D:9      | 9037 ||| FLEEEEING.
  9038 | D:9      | 9038 ||| FLEEEEING.
  9039 | D:9      | 9039 ||| FLEEEEING.
  9040 | D:9      | 9040 ||| FLEEEEING.
  9041 | D:9      | 9041 ||| FLEEEEING.
  9042 | D:9      | 9042 ||| FLEEEEING.
  9043 | D:9      | 9043 ||| STAIRDANCE
  9150 | D:8      | 9150 ||| UPGRADING to +2 hat.
  9155 | D:8      | 9155 ||| UPGRADING to +0 swamp dragon scales.
  9165 | D:8      | 9165 ||| UPGRADING to +1 cloak.
  9170 | D:8      | 9170 ||| DROPPING +1 ring mail of willpower.
  9171 | D:8      | 9171 ||| READING 2 scrolls of enchant armour.
  9171 | D:8      | 9171 ||| ENCHANTING +1 cloak.
  9172 | D:8      | 9172 ||| READING scroll of enchant armour.
  9172 | D:8      | 9172 ||| ENCHANTING +0 swamp dragon scales.
  9173 | D:8      | 9173 ||| READING 5 scrolls of identify.
  9173 | D:8      | 9173 ||| IDENTIFYING dark potion
  9174 | D:8      | 9174 ||| DROPPING potion of ambrosia.
  9207 | D:9      | 9207 ||| Stepping ~*~*~tactically~*~*~ (stealth).
  9209 | D:9      | 9209 ||| Stepping ~*~*~tactically~*~*~ (stealth).
  9228 | D:9      | 9228 ||| Stepping ~*~*~tactically~*~*~ (hiding).
  9229 | D:9      | 9229 ||| Stepping ~*~*~tactically~*~*~ (hiding).
  9231 | D:9      | 9231 ||| Stepping ~*~*~tactically~*~*~ (hiding).
  9234 | D:9      | 9234 ||| Stepping ~*~*~tactically~*~*~ (hiding).
  9243 | D:9      | 9243 ||| Stepping ~*~*~tactically~*~*~ (stealth).
  9252 | D:9      | Found a staircase to the Orcish Mines.
  9255 | D:9      | 9255 ||| Stepping ~*~*~tactically~*~*~ (stealth).
  9302 | D:9      | 9302 ||| Stepping ~*~*~tactically~*~*~ (stealth).
  9314 | D:9      | Reached skill level 3 in Dodging
  9319 | D:9      | 9319 ||| Stepping ~*~*~tactically~*~*~ (stealth).
  9352 | D:9      | 9352 ||| Stepping ~*~*~tactically~*~*~ (stealth).
  9354 | D:9      | 9354 ||| Stepping ~*~*~tactically~*~*~ (stealth).
  9361 | D:9      | 9361 ||| Stepping ~*~*~tactically~*~*~ (stealth).
  9364 | D:9      | 9364 ||| Stepping ~*~*~tactically~*~*~ (stealth).
  9376 | D:9      | Reached skill level 12 in Axes
  9389 | D:9      | 9389 ||| Stepping ~*~*~tactically~*~*~ (stealth).
  9390 | D:9      | 9390 ||| Stepping ~*~*~tactically~*~*~ (stealth).
  9415 | D:9      | 9415 ||| Stepping ~*~*~tactically~*~*~ (stealth).
  9445 | D:9      | 9445 ||| Stepping ~*~*~tactically~*~*~ (stealth).
  9446 | D:9      | Found a staircase to the Lair.
  9508 | D:9      | 9508 ||| Stepping ~*~*~tactically~*~*~ (stealth).
  9509 | D:9      | 9509 ||| Stepping ~*~*~tactically~*~*~ (stealth).
  9516 | D:9      | Reached XP level 11. HP: 92/92 MP: 10/10
  9564 | D:9      | 9564 ||| Stepping ~*~*~tactically~*~*~ (stealth).
  9567 | D:9      | 9567 ||| Stepping ~*~*~tactically~*~*~ (stealth).
  9596 | D:9      | Noticed a two-headed ogre
  9609 | D:9      | Killed a two-headed ogre
  9610 | D:9      | 9610 ||| INVOKING Sacrifice Artifice.
  9610 | D:9      | Gained mutation: You cannot study or use magical devices.
                  | [Ru sacrifice]
  9610 | D:9      | Reached *** piety under Ru
  9610 | D:9      | Reached **** piety under Ru
  9612 | D:9      | 9612 ||| Stepping ~*~*~tactically~*~*~ (stealth).
  9760 | D:9      | Noticed qw's ghost (novice TeWr)
  9885 | D:9      | 9885 ||| READING 3 scrolls of teleportation.
  9886 | D:9      | 9886 ||| PLANNING LAIR
  9930 | Lair:1   | Entered Level 1 of the Lair of Beasts
  9958 | Lair:1   | 9958 ||| Stepping ~*~*~tactically~*~*~ (hiding).
 10085 | Lair:1   | Reached skill level 13 in Axes
 10531 | Lair:1   | 10531 ||| Stepping ~*~*~tactically~*~*~ (stealth).
 10542 | Lair:1   | Reached skill level 1 in Throwing
 10642 | Lair:1   | Reached skill level 3 in Throwing
 11151 | Lair:1   | 11151 ||| DROPPING ring of flight.
 11232 | Lair:2   | Identified the +0 ring mail of the Delicate God {rElec
                  | rPois Slay+2}
 11251 | Lair:2   | 11251 ||| READING scroll of enchant weapon.
 11251 | Lair:2   | 11251 ||| ENCHANTING +2 vampiric war axe.
 11338 | Lair:2   | Noticed Urug
 11349 | Lair:2   | 11349 ||| FLEEEEING.
 11350 | Lair:2   | 11350 ||| FLEEEEING.
 11351 | Lair:2   | 11351 ||| FLEEEEING.
 11352 | Lair:2   | 11352 ||| FLEEEEING.
 11353 | Lair:2   | 11353 ||| FLEEEEING.
 11354 | Lair:2   | 11354 ||| FLEEEEING.
 11355 | Lair:2   | 11355 ||| FLEEEEING.
 11356 | Lair:2   | 11356 ||| FLEEEEING.
 11357 | Lair:2   | 11357 ||| FLEEEEING.
 11358 | Lair:2   | 11358 ||| FLEEEEING.
 11359 | Lair:2   | 11359 ||| FLEEEEING.
 11360 | Lair:2   | 11360 ||| STAIRDANCE
 11551 | Lair:1   | 11551 ||| DROPPING +0 ring mail of the Delicate God {rElec
                  | rPois Slay+2}.
 11552 | Lair:1   | 11552 ||| UPGRADING to amulet of regeneration.
 11568 | Lair:2   | 11568 ||| STAIRDANCE
 11577 | Lair:1   | Killed Urug
 11730 | Lair:2   | Reached skill level 14 in Axes
 11740 | Lair:2   | 11740 ||| Stepping ~*~*~tactically~*~*~ (stealth).
 11818 | Lair:2   | 11818 ||| Stepping ~*~*~tactically~*~*~ (stealth).
 11827 | Lair:2   | 11827 ||| Stepping ~*~*~tactically~*~*~ (stealth).
 11841 | Lair:2   | Reached XP level 12. HP: 102/102 MP: 11/11
 12473 | Lair:2   | 12473 ||| DROPPING +0 chain mail.
 12474 | Lair:2   | 12474 ||| UPGRADING to +0 plate armour.
 12484 | Lair:2   | 12484 ||| DROPPING +1 swamp dragon scales.
 12485 | Lair:2   | 12485 ||| READING scroll labelled SAXTOE HIAWA.
 12486 | Lair:2   | 12486 ||| READING scroll labelled YSAGEB XISAAH.
 12487 | Lair:2   | 12487 ||| READING scroll labelled PUESOUWKATONK.
 12488 | Lair:2   | 12488 ||| READING 2 scrolls of teleportation.
 12541 | Lair:3   | 12541 ||| Stepping ~*~*~tactically~*~*~ (stealth).
 12559 | Lair:3   | Reached skill level 6 in Armour
 12561 | Lair:3   | 12561 ||| INVOKING Sacrifice Experience.
 12561 | Lair:3   | Gained mutation: You are somewhat inexperienced. (-1 XL)
                  | [Ru sacrifice]
 12561 | Lair:3   | Reached XP level 11. HP: 94/94 MP: 10/10
 12561 | Lair:3   | Reached ***** piety under Ru
 12572 | Lair:3   | 12572 ||| INVOKING Apocalypse.
 12573 | Lair:3   | 12573 ||| FLEEEEING.
 12586 | Lair:3   | Noticed a boulder beetle
 12603 | Lair:3   | Killed a boulder beetle
 12669 | Lair:3   | 12669 ||| READING scroll of enchant weapon.
 12669 | Lair:3   | 12669 ||| ENCHANTING +3 vampiric war axe.
 12671 | Lair:3   | Found a staircase to the Snake Pit.
 13014 | Lair:3   | 13014 ||| INVOKING Apocalypse.
 13015 | Lair:3   | 13015 ||| FLEEEEING.
 13085 | Lair:3   | 13085 ||| Stepping ~*~*~tactically~*~*~ (stealth).
 13086 | Lair:3   | 13086 ||| Stepping ~*~*~tactically~*~*~ (stealth).
 13089 | Lair:3   | 13089 ||| Stepping ~*~*~tactically~*~*~ (stealth).
 13091 | Lair:3   | 13091 ||| Stepping ~*~*~tactically~*~*~ (stealth).
 13120 | Lair:3   | Reached skill level 15 in Axes
 13150 | Lair:3   | 13150 ||| Stepping ~*~*~tactically~*~*~ (stealth).
 13151 | Lair:3   | 13151 ||| INVOKING Apocalypse.
 13161 | Lair:3   | Reached skill level 9 in Fighting
 13172 | Lair:3   | 13172 ||| Stepping ~*~*~tactically~*~*~ (stealth).
 13188 | Lair:3   | 13188 ||| Stepping ~*~*~tactically~*~*~ (stealth).
 13288 | Lair:3   | Found a staircase to the Swamp.
 13336 | Lair:3   | 13336 ||| INVOKING Apocalypse.
 13556 | Lair:3   | 13556 ||| Stepping ~*~*~tactically~*~*~ (stealth).
 13722 | Lair:3   | 13722 ||| READING scroll labelled XEAWOEZIAL.
 13937 | Lair:4   | 13937 ||| Stepping ~*~*~tactically~*~*~ (stealth).
 13938 | Lair:4   | 13938 ||| Stepping ~*~*~tactically~*~*~ (stealth).
 13996 | Lair:4   | Noticed a seven-headed hydra
 13997 | Lair:4   | 13997 ||| INVOKING Apocalypse.
 13998 | Lair:4   | 13998 ||| FLEEEEING.
 13999 | Lair:4   | 13999 ||| FLEEEEING.
 14022 | Lair:4   | 14022 ||| FLEEEEING.
 14023 | Lair:4   | 14023 ||| FLEEEEING.
 14025 | Lair:4   | 14025 ||| FLEEEEING.
 14026 | Lair:4   | 14026 ||| STAIRDANCE
 14063 | Lair:3   | 14063 ||| READING scroll labelled SEOSME OMIULOYW.
 14101 | Lair:3   | 14101 ||| READING scroll labelled DOTOAS COUHEH.
 14104 | Lair:4   | 14104 ||| STAIRDANCE
 14106 | Lair:3   | 14106 ||| SWAPPING to +1 vorpal morningstar.
 14111 | Lair:3   | Killed a seven-headed hydra
 14112 | Lair:3   | Reached skill level 16 in Axes
 14112 | Lair:3   | 14112 ||| SWAPPING to +4 vampiric war axe.
 14271 | Lair:4   | Reached XP level 12. HP: 78/99 MP: 11/11
 14277 | Lair:4   | Reached skill level 9 in Armour
 14608 | Lair:4   | Found a staircase to the Slime Pits.
 14861 | Lair:5   | Entered Level 5 of the Lair of Beasts
 14878 | Lair:5   | 14878 ||| Stepping ~*~*~tactically~*~*~ (stealth).
 14918 | Lair:5   | 14918 ||| INVOKING Sacrifice an Eye.
 14918 | Lair:5   | Gained mutation: You are missing an eye, making it more
                  | difficult to aim. [Ru sacrifice]
 14918 | Lair:5   | Reached ****** piety under Ru
 14928 | Lair:5   | 14928 ||| INVOKING Apocalypse.
 14952 | Lair:5   | 14952 ||| READING 2 scrolls of teleportation.
 14952 | Lair:5   | HP: 10/95 [blink frog (15)]
 14953 | Lair:5   | 14953 ||| DRINKING 3 potions of heal wounds.
 14954 | Lair:5   | 14954 ||| DRINKING 2 potions of heal wounds.
 14991 | Lair:5   | 14991 ||| Stepping ~*~*~tactically~*~*~ (stealth).
 15009 | Lair:5   | Reached skill level 17 in Axes
 15044 | Lair:5   | 15044 ||| READING scroll of enchant weapon.
 15044 | Lair:5   | 15044 ||| ENCHANTING +4 vampiric war axe.
 15071 | Lair:5   | 15071 ||| INVOKING Apocalypse.
 15808 | Lair:5   | 15808 ||| Stepping ~*~*~tactically~*~*~ (stealth).
 15824 | Lair:5   | Noticed a dire elephant
 15825 | Lair:5   | 15825 ||| INVOKING Apocalypse.
 15826 | Lair:5   | 15826 ||| FLEEEEING.
 15828 | Lair:5   | 15828 ||| FLEEEEING.
 15829 | Lair:5   | 15829 ||| FLEEEEING.
 15830 | Lair:5   | 15830 ||| FLEEEEING.
 15833 | Lair:5   | 15833 ||| FLEEEEING.
 15834 | Lair:5   | 15834 ||| FLEEEEING.
 15835 | Lair:5   | 15835 ||| FLEEEEING.
 15836 | Lair:5   | 15836 ||| FLEEEEING.
 15837 | Lair:5   | 15837 ||| FLEEEEING.
 15838 | Lair:5   | 15838 ||| FLEEEEING.
 15852 | Lair:5   | Killed a dire elephant
 15938 | Lair:5   | 15938 ||| Stepping ~*~*~tactically~*~*~ (hiding).
 15941 | Lair:5   | 15941 ||| INVOKING Apocalypse.
 15993 | Lair:5   | 15993 ||| Stepping ~*~*~tactically~*~*~ (stealth).
 16016 | Lair:5   | 16016 ||| Stepping ~*~*~tactically~*~*~ (stealth).
 16039 | Lair:5   | 16039 ||| Stepping ~*~*~tactically~*~*~ (hiding).
 16053 | Lair:5   | 16053 ||| FLEEEEING.
 16054 | Lair:5   | 16054 ||| FLEEEEING.
 16055 | Lair:5   | 16055 ||| FLEEEEING.
 16070 | Lair:5   | 16070 ||| FLEEEEING.
 16119 | Lair:5   | 16119 ||| Stepping ~*~*~tactically~*~*~ (stealth).
 16123 | Lair:5   | 16123 ||| Stepping ~*~*~tactically~*~*~ (hiding).
 16125 | Lair:5   | 16125 ||| INVOKING Apocalypse.
 16126 | Lair:5   | 16126 ||| FLEEEEING.
 16147 | Lair:5   | 16147 ||| FLEEEEING.
 16148 | Lair:5   | 16148 ||| FLEEEEING.
 16149 | Lair:5   | 16149 ||| FLEEEEING.
 16150 | Lair:5   | 16150 ||| FLEEEEING.
 16154 | Lair:5   | 16154 ||| FLEEEEING.
 16158 | Lair:5   | 16158 ||| FLEEEEING.
 16159 | Lair:5   | 16159 ||| FLEEEEING.
 16163 | Lair:5   | 16163 ||| FLEEEEING.
 16164 | Lair:5   | 16164 ||| FLEEEEING.
 16165 | Lair:5   | 16165 ||| FLEEEEING.
 16166 | Lair:5   | 16166 ||| FLEEEEING.
 16167 | Lair:5   | 16167 ||| FLEEEEING.
 16173 | Lair:5   | 16173 ||| SWAPPING to +1 vorpal morningstar.
 16185 | Lair:5   | 16185 ||| SWAPPING to +5 vampiric war axe.
 16288 | Lair:5   | 16288 ||| Stepping ~*~*~tactically~*~*~ (stealth).
 16466 | Lair:5   | 16466 ||| PLANNING D:1-11
 16466 | Lair:5   | 16466 ||| DROPPING +2 chain mail of positive energy.
 16467 | Lair:5   | 16467 ||| READING 8 scrolls of identify.
 16467 | Lair:5   | 16467 ||| IDENTIFYING metallic emerald potion
 16468 | Lair:5   | 16468 ||| DROPPING potion of lignification.
 16595 | D:10     | Entered Level 10 of the Dungeon
 16683 | D:10     | Noticed Harold
 16684 | D:10     | 16684 ||| Stepping ~*~*~tactically~*~*~ (hiding).
 16704 | D:10     | Killed Harold
 16824 | D:10     | 16824 ||| Stepping ~*~*~tactically~*~*~ (stealth).
 16957 | D:10     | 16957 ||| Stepping ~*~*~tactically~*~*~ (stealth).
 17013 | D:10     | Found a glowing golden altar of the Shining One.
 17107 | D:10     | Found a stormy altar of Qazlal.
 17170 | D:10     | Reached XP level 13. HP: 112/113 MP: 12/12
 17269 | D:10     | Noticed Erica
 17270 | D:10     | 17270 ||| Stepping ~*~*~tactically~*~*~ (hiding).
 17273 | D:10     | 17273 ||| INVOKING Apocalypse.
 17281 | D:10     | Killed Erica
 17373 | D:10     | Found a hide-covered altar of Uskayaw.
 17380 | D:10     | 17380 ||| Stepping ~*~*~tactically~*~*~ (stealth).
 17382 | D:10     | 17382 ||| Stepping ~*~*~tactically~*~*~ (hiding).
 17383 | D:10     | 17383 ||| Stepping ~*~*~tactically~*~*~ (hiding).
 17561 | D:11     | 17561 ||| STAIRDANCE
 17573 | D:11     | 17573 ||| STAIRDANCE
 17592 | D:11     | 17592 ||| STAIRDANCE
 17632 | D:11     | 17632 ||| Stepping ~*~*~tactically~*~*~ (stealth).
 17634 | D:11     | 17634 ||| Stepping ~*~*~tactically~*~*~ (stealth).
 17638 | D:11     | 17638 ||| Stepping ~*~*~tactically~*~*~ (stealth).
 17827 | D:11     | 17827 ||| Stepping ~*~*~tactically~*~*~ (stealth).
 17837 | D:11     | Reached skill level 12 in Fighting
 17892 | D:11     | 17892 ||| INVOKING Apocalypse.
 18084 | D:11     | Identified the +3 leather armour of the Black Moon {Drain
                  | Str+2 Dex+6}
 18539 | D:11     | 18539 ||| PLANNING D
 18539 | D:11     | 18539 ||| DROPPING ring of ice.
 18540 | D:11     | 18540 ||| UPGRADING to ring of willpower.
 18541 | D:11     | 18541 ||| UPGRADING to ring of protection from cold.
 18573 | D:11     | 18573 ||| READING 8 scrolls of identify.
 18573 | D:11     | 18573 ||| IDENTIFYING lumpy coppery potion
 18574 | D:11     | 18574 ||| DROPPING potion of flight.
 18751 | D:12     | Identified the +6 quarterstaff "Tiohul" {vorpal, rPois
                  | Int+7}
 18769 | D:12     | 18769 ||| Stepping ~*~*~tactically~*~*~ (hiding).
 18771 | D:12     | 18771 ||| Stepping ~*~*~tactically~*~*~ (hiding).
 18997 | D:12     | 18997 ||| Stepping ~*~*~tactically~*~*~ (hiding).
 19039 | D:12     | 19039 ||| Stepping ~*~*~tactically~*~*~ (stealth).
 19040 | D:12     | 19040 ||| Stepping ~*~*~tactically~*~*~ (stealth).
 19054 | D:12     | Found Iwishavo's Assorted Antiques.
 19062 | D:12     | 19062 ||| BUYING glowing flail (195 gold).
 19062 | D:12     | Bought a glowing flail for 195 gold pieces
 19062 | D:12     | 19062 ||| BUYING potion of curing (90 gold).
 19062 | D:12     | Bought a potion of curing for 90 gold pieces
 19062 | D:12     | 19062 ||| BUYING scroll of identify (60 gold).
 19062 | D:12     | Bought a scroll of identify for 60 gold pieces
 19062 | D:12     | 19062 ||| BUYING smoky emerald potion (27 gold).
 19062 | D:12     | Bought a smoky emerald potion for 27 gold pieces
 19062 | D:12     | 19062 ||| DROPPING +0 vorpal flail.
 19078 | D:12     | 19078 ||| Stepping ~*~*~tactically~*~*~ (stealth).
 19110 | D:12     | 19110 ||| Stepping ~*~*~tactically~*~*~ (hiding).
 19111 | D:12     | 19111 ||| Stepping ~*~*~tactically~*~*~ (hiding).
 19447 | D:12     | 19447 ||| READING 9 scrolls of identify.
 19447 | D:12     | 19447 ||| IDENTIFYING smoky emerald potion
 19448 | D:12     | 19448 ||| DROPPING potion of invisibility.
 19471 | D:13     | 19471 ||| STAIRDANCE
 19483 | D:13     | 19483 ||| STAIRDANCE
 19506 | D:13     | 19506 ||| Stepping ~*~*~tactically~*~*~ (hiding).
 19509 | D:13     | 19509 ||| Stepping ~*~*~tactically~*~*~ (hiding).
 19535 | D:13     | Noticed Maurice
 19539 | D:13     | 19539 ||| INVOKING Apocalypse.
 19539 | D:13     | Killed Maurice
 19540 | D:13     | 19540 ||| FLEEEEING.
 19546 | D:13     | 19546 ||| STAIRDANCE
 19602 | D:13     | 19602 ||| Stepping ~*~*~tactically~*~*~ (stealth).
 19605 | D:13     | 19605 ||| SWAPPING to +1 vorpal morningstar.
 19609 | D:13     | 19609 ||| Stepping ~*~*~tactically~*~*~ (outnumbered).
 19610 | D:13     | 19610 ||| STAIRDANCE
 19612 | D:12     | 19612 ||| Stepping ~*~*~tactically~*~*~ (outnumbered).
 19623 | D:12     | 19623 ||| SWAPPING to +5 vampiric war axe.
 19642 | D:13     | 19642 ||| STAIRDANCE
 19644 | D:12     | 19644 ||| SWAPPING to +1 vorpal morningstar.
 19645 | D:12     | 19645 ||| Stepping ~*~*~tactically~*~*~ (outnumbered).
 19650 | D:12     | 19650 ||| INVOKING Apocalypse.
 19652 | D:12     | 19652 ||| SWAPPING to +5 vampiric war axe.
 19716 | D:13     | 19716 ||| STAIRDANCE
 19735 | D:13     | 19735 ||| STAIRDANCE
 19747 | D:13     | 19747 ||| STAIRDANCE
 19768 | D:13     | 19768 ||| Stepping ~*~*~tactically~*~*~ (stealth).
 19771 | D:13     | 19771 ||| Stepping ~*~*~tactically~*~*~ (stealth).
 19775 | D:13     | 19775 ||| Stepping ~*~*~tactically~*~*~ (stealth).
 19949 | D:13     | 19949 ||| Stepping ~*~*~tactically~*~*~ (stealth).
 20016 | D:13     | 20016 ||| Stepping ~*~*~tactically~*~*~ (stealth).
 20039 | D:13     | 20039 ||| Stepping ~*~*~tactically~*~*~ (stealth).
 20047 | D:13     | 20047 ||| Stepping ~*~*~tactically~*~*~ (hiding).
 20050 | D:13     | 20050 ||| Stepping ~*~*~tactically~*~*~ (hiding).
 20078 | D:13     | 20078 ||| Stepping ~*~*~tactically~*~*~ (stealth).
 20083 | D:13     | 20083 ||| Stepping ~*~*~tactically~*~*~ (stealth).
 20112 | D:13     | 20112 ||| INVOKING Apocalypse.
 20113 | D:13     | 20113 ||| FLEEEEING.
 20114 | D:13     | 20114 ||| FLEEEEING.
 20546 | D:13     | 20546 ||| UPGRADING to +4 ring of evasion.
 20548 | D:13     | 20548 ||| DROPPING ring of willpower.
 20549 | D:13     | 20549 ||| DROPPING ring of protection from cold.
 20627 | D:14     | Reached skill level 12 in Armour
 20719 | D:14     | 20719 ||| Stepping ~*~*~tactically~*~*~ (hiding).
 20742 | D:14     | Reached skill level 6 in Throwing
 20744 | D:14     | Found a gate to the Vaults.
 20842 | D:14     | 20842 ||| READING 2 scrolls of teleportation.
 20844 | D:14     | 20844 ||| FLEEEEING.
 20942 | D:14     | 20942 ||| READING scroll of teleportation.
 20945 | D:14     | 20945 ||| Stepping randomly (stuck).
 20946 | D:14     | 20946 ||| Stepping randomly (stuck).
 21076 | D:14     | 21076 ||| Stepping ~*~*~tactically~*~*~ (hiding).
 21176 | D:14     | 21176 ||| UPGRADING to +0 pair of gloves.
 21216 | D:15     | Entered Level 15 of the Dungeon
 21217 | D:15     | 21217 ||| PLANNING GAUNTLET
 21424 | D:15     | 21424 ||| Stepping ~*~*~tactically~*~*~ (hiding).
 21425 | D:15     | 21425 ||| Stepping ~*~*~tactically~*~*~ (hiding).
 21492 | D:15     | 21492 ||| INVOKING Apocalypse.
 21498 | D:15     | Noticed a stone giant
 21502 | D:15     | 21502 ||| Stepping ~*~*~tactically~*~*~ (stealth).
 21513 | D:15     | Killed a stone giant
 21566 | D:15     | Found a staircase to the Depths.
 21660 | D:15     | Found Wyinaq's Assorted Antiques.
 21668 | D:15     | 21668 ||| Stepping ~*~*~tactically~*~*~ (stealth).
 21678 | D:15     | 21678 ||| BUYING potion of might (144 gold).
 21678 | D:15     | Bought a potion of might for 144 gold pieces
 21678 | D:15     | 21678 ||| BUYING potion of mutation (288 gold).
 21678 | D:15     | Bought a potion of mutation for 288 gold pieces
 21678 | D:15     | 21678 ||| BUYING scroll of enchant armour (270 gold).
 21678 | D:15     | Bought a scroll of enchant armour for 270 gold pieces
 21678 | D:15     | 21678 ||| BUYING scroll of enchant weapon (270 gold).
 21678 | D:15     | Bought a scroll of enchant weapon for 270 gold pieces
 21678 | D:15     | 21678 ||| READING scroll of enchant armour.
 21678 | D:15     | 21678 ||| ENCHANTING +0 pair of gloves.
 21679 | D:15     | 21679 ||| READING scroll of enchant weapon.
 21679 | D:15     | 21679 ||| ENCHANTING +5 vampiric war axe.
 21685 | D:15     | 21685 ||| READING scroll of acquirement.
 21685 | D:15     | 21685 ||| ACQUIRING +0 chain mail of Uttue {rF+}
 21685 | D:15     | Acquired the +0 chain mail of Uttue {rF+}
 21694 | D:15     | Found a hide-covered altar of Uskayaw.
 21727 | D:15     | 21727 ||| RIP GAUNTLET
 21741 | D:15     | 21741 ||| PLANNING D
 21819 | D:15     | 21819 ||| INVOKING Apocalypse.
 22230 | D:15     | 22230 ||| PLANNING ORC
 22230 | D:15     | 22230 ||| UPGRADING to +0 kite shield of reflection.
 22240 | D:15     | 22240 ||| DROPPING +0 kite shield.
 22450 | Orc:1    | Entered Level 1 of the Orcish Mines
 22469 | Orc:1    | Reached XP level 14. HP: 116/117 MP: 13/13
 22613 | Orc:1    | Noticed an orc warlord
 22614 | Orc:1    | 22614 ||| INVOKING Apocalypse.
 22620 | Orc:1    | Noticed Erolcha
 22640 | Orc:1    | Killed an orc warlord
 22641 | Orc:1    | Killed Erolcha
 22759 | Orc:1    | 22759 ||| UPGRADING to +2 plate armour of positive energy.
 22769 | Orc:1    | 22769 ||| DROPPING +0 plate armour.
 22780 | Orc:2    | Entered Level 2 of the Orcish Mines
 22780 | Orc:2    | Noticed Rupert
 22783 | Orc:2    | Paralysed by Rupert for 5 turns
 22799 | Orc:2    | Paralysed by Rupert for 5 turns
 22805 | Orc:2    | 22805 ||| DRINKING 5 potions of curing.
 22805 | Orc:2    | 22805 ||| (to cure confusion)
 22815 | Orc:2    | Killed Rupert
 22864 | Orc:2    | 22864 ||| Stepping ~*~*~tactically~*~*~ (hiding).
 22868 | Orc:2    | 22868 ||| Stepping ~*~*~tactically~*~*~ (hiding).
 23012 | Orc:2    | 23012 ||| Stepping ~*~*~tactically~*~*~ (hiding).
 23013 | Orc:2    | 23013 ||| Stepping ~*~*~tactically~*~*~ (hiding).
 23124 | Orc:2    | Found a staircase to the Elven Halls.
 23139 | Orc:2    | Noticed an orc warlord
 23140 | Orc:2    | 23140 ||| INVOKING Apocalypse.
 23141 | Orc:2    | 23141 ||| FLEEEEING.
 23142 | Orc:2    | 23142 ||| FLEEEEING.
 23143 | Orc:2    | 23143 ||| FLEEEEING.
 23151 | Orc:2    | 23151 ||| Stepping ~*~*~tactically~*~*~ (hiding).
 23175 | Orc:2    | Reached skill level 6 in Dodging
 23178 | Orc:2    | Killed an orc warlord
 23321 | Orc:2    | 23321 ||| FLEEEEING.
 23322 | Orc:2    | 23322 ||| FLEEEEING.
 23323 | Orc:2    | 23323 ||| FLEEEEING.
 23363 | Orc:2    | 23363 ||| DRINKING 4 potions of curing.
 23363 | Orc:2    | 23363 ||| (to cure confusion)
 23387 | Orc:2    | 23387 ||| INVOKING Apocalypse.
 23399 | Orc:2    | 23399 ||| FLEEEEING.
 23400 | Orc:2    | 23400 ||| FLEEEEING.
 23401 | Orc:2    | 23401 ||| FLEEEEING.
 23402 | Orc:2    | 23402 ||| FLEEEEING.
 23403 | Orc:2    | 23403 ||| FLEEEEING.
 23404 | Orc:2    | 23404 ||| FLEEEEING.
 23405 | Orc:2    | 23405 ||| FLEEEEING.
 23406 | Orc:2    | 23406 ||| FLEEEEING.
 23407 | Orc:2    | 23407 ||| STAIRDANCE
 23442 | Orc:1    | 23442 ||| UPGRADING to +1 plate armour of poison
                  | resistance.
 23504 | Orc:2    | 23504 ||| Stepping ~*~*~tactically~*~*~ (stealth).
 23560 | Orc:2    | 23560 ||| Stepping ~*~*~tactically~*~*~ (stealth).
 23735 | Orc:2    | Found a gateway to a bazaar.
 23736 | Orc:2    | 23736 ||| PLANNING BAZAAR
 23825 | Orc:2    | Found Qamnupp's Distillery.
 23825 | Orc:2    | Found Soewk's Book Boutique.
 23831 | Orc:2    | 23831 ||| BUYING 2 potions of curing (84 gold).
 23831 | Orc:2    | Bought 2 potions of curing for 84 gold pieces
 23831 | Orc:2    | 23831 ||| BUYING potion of curing (42 gold).
 23831 | Orc:2    | Bought a potion of curing for 42 gold pieces
 23831 | Orc:2    | 23831 ||| BUYING potion of curing (42 gold).
 23831 | Orc:2    | Bought a potion of curing for 42 gold pieces
 23831 | Orc:2    | 23831 ||| BUYING potion of haste (140 gold).
 23831 | Orc:2    | Bought a potion of haste for 140 gold pieces
 23831 | Orc:2    | 23831 ||| BUYING potion of resistance (140 gold).
 23831 | Orc:2    | Bought a potion of resistance for 140 gold pieces
 23831 | Orc:2    | 23831 ||| BUYING potion of resistance (140 gold).
 23831 | Orc:2    | Bought a potion of resistance for 140 gold pieces
 23869 | Orc:2    | Found Tiowus's Assorted Antiques.
 23869 | Orc:2    | Found Puraruf's Antique Weapon Boutique.
 23885 | Orc:2    | 23885 ||| BUYING jade ring (190 gold).
 23885 | Orc:2    | Bought a jade ring for 190 gold pieces
 23885 | Orc:2    | 23885 ||| SHOPLISTING potion of curing (114 gold, have 11).
 23885 | Orc:2    | 23885 ||| SHOPLISTING scratched steel ring (190 gold, have
                  | 11).
 23885 | Orc:2    | 23885 ||| SHOPLISTING scroll of teleportation (114 gold,
                  | have 11).
 23978 | Orc:2    | 23978 ||| DROPPING ring of magical power.
 23979 | Orc:2    | 23979 ||| READING scroll of teleportation.
 23988 | Orc:2    | 23988 ||| Stepping randomly (stuck).
 23989 | Orc:2    | 23989 ||| Stepping randomly (stuck).
 24009 | Orc:2    | 24009 ||| Stepping randomly (stuck).
 24010 | Orc:2    | 24010 ||| Stepping randomly (stuck).
 24011 | Orc:2    | 24011 ||| Stepping randomly (stuck).
 24038 | Orc:2    | 24038 ||| Stepping randomly (stuck).
 24060 | Orc:2    | 24060 ||| Stepping randomly (stuck).
 24061 | Orc:2    | 24061 ||| Stepping randomly (stuck).
 24062 | Orc:2    | 24062 ||| Stepping randomly (stuck).
 24063 | Orc:2    | 24063 ||| Stepping randomly (stuck).
 24108 | Orc:2    | 24108 ||| Stepping randomly (stuck).
 24109 | Orc:2    | 24109 ||| Stepping randomly (stuck).
 24123 | Orc:2    | 24123 ||| Stepping randomly (stuck).
 24138 | Orc:2    | 24138 ||| Stepping randomly (stuck).
 24156 | Orc:2    | 24156 ||| Stepping randomly (stuck).
 24160 | Orc:2    | 24160 ||| Stepping randomly (stuck).
 24161 | Orc:2    | 24161 ||| Stepping randomly (stuck).
 24162 | Orc:2    | 24162 ||| Stepping randomly (stuck).
 24166 | Orc:2    | 24166 ||| Stepping randomly (stuck).
 24190 | Orc:2    | 24190 ||| Stepping randomly (stuck).
 24200 | Orc:2    | 24200 ||| Stepping randomly (stuck).
 24201 | Orc:2    | 24201 ||| Stepping randomly (stuck).
 24213 | Orc:2    | 24213 ||| Stepping randomly (stuck).
 24214 | Orc:2    | 24214 ||| Stepping randomly (stuck).
 24215 | Orc:2    | 24215 ||| Stepping randomly (stuck).
 24216 | Orc:2    | 24216 ||| Stepping randomly (stuck).
 24217 | Orc:2    | 24217 ||| Stepping randomly (stuck).
 24218 | Orc:2    | 24218 ||| Stepping randomly (stuck).
 24219 | Orc:2    | 24219 ||| Stepping randomly (stuck).
 24220 | Orc:2    | 24220 ||| Stepping randomly (stuck).
 24222 | Orc:2    | 24222 ||| Stepping randomly (stuck).
 24223 | Orc:2    | 24223 ||| Stepping randomly (stuck).
 24224 | Orc:2    | 24224 ||| Stepping randomly (stuck).
 24225 | Orc:2    | 24225 ||| Stepping randomly (stuck).
 24226 | Orc:2    | 24226 ||| Stepping randomly (stuck).
 24228 | Orc:2    | 24228 ||| Stepping randomly (stuck).
 24229 | Orc:2    | 24229 ||| Stepping randomly (stuck).
 24235 | Orc:2    | 24235 ||| Stepping randomly (stuck).
 24236 | Orc:2    | 24236 ||| Stepping randomly (stuck).
 24237 | Orc:2    | 24237 ||| Stepping randomly (stuck).
 24238 | Orc:2    | 24238 ||| Stepping randomly (stuck).
 24239 | Orc:2    | 24239 ||| Stepping randomly (stuck).
 24253 | Orc:2    | HP: 25/113 [something (21)]
 24255 | Orc:2    | Engulfed by a cloud of freezing vapour

Levels and vault maps discovered:
D:1:      onia_arrival_pentagram, layout_loops_ring,
          shapermc_ecumenical_altar_acropolis, minmay_pentomino_r2
D:2:      mumra_celtic_spiral_tile, layout_basic, serial_curves, eino_curves_02,
          eino_curves_03
D:3:      layout_basic, nicolae_wu_jian_wuxing_cycle
D:4:      minmay_angry_zag, layout_rooms,
          mainiacjoe_overflow_concentric_impassable,
          minmay_temple_entry_large_hall, serial_shops, shop,
          nicolae_ossuary_entry_plus
D:5:      layout_loops_ring, minmay_holes, uniq_sigmund, uniq_crazy_yiuf_cottage
D:6:      layout_basic, hex_medium, uniq_grinder
D:7:      layout_basic, mainiacjoe_overflow_24_doors, hangedman_decor_growths,
          st_stairs_6, hangedman_abyss_or_decor_stagger, minmay_ruffians
D:8:      layout_loops_cross, serial_co_window_serial, co_window_paths_a,
          co_window_of_opportunity_a, co_window_of_opportunity_a,
          co_window_paths_b, co_window_of_opportunity_a, co_window_broadway_c,
          co_window_corner_cb, co_window_corner_b, co_window_broadway_a,
          co_window_unsneaky_path_c, glass_columns_b, glass_columns_a,
          glass_columns_b, glass_columns_a, uniq_psyche
D:9:      layout_rooms, minmay_lair_entry_grove, zombieorc2_lemuel,
          ebering_ghost_reflecting_pool, uniq_maggie
D:10:     minmay_opposing_rooms, layout_small_grid, tso_metal_star,
          mainiacjoe_overflow_cross_hatched,
          mainiacjoe_overflow_surrounded_room, uniq_harold, uniq_erica
D:11:     layout_cave_pods
D:12:     layout_basic, serial_shops, shop
D:13:     kennysheep_kobold_grotto, layout_cave_pools, uniq_maurice
D:14:     layout_rooms, david_vaults_2, minmay_staircase_bubble
D:15:     hangedman_depths_entry_civil_slaughter, layout_stronghold,
          serial_shops, nicolae_shop_crystal, gauntlet_entry_generic,
          dk_noncrumbling_4, nicolae_uskayaw_dance_hall
Lair:1:   statuecave_lemuel, layout_cave_pods
Lair:2:   beast_lair_carwin_large_4, layout_long_grid,
          infiniplex_staircase_pool_2, uniq_urug
Lair:3:   layout_cave_pods, minmay_swamp_entry_swarm,
          minmay_snake_entry_guardpost_small, grunt_megastairs_3,
          serial_bayou_shore_b
Lair:4:   layout_long_grid, slime_entry_1, chequers_serial_rivers_small_b,
          chequers_serial_rivers_small_3, columned_hall_lemuel
Lair:5:   hangedman_lair_in_review, layout_regular_city, disabler_island
Orc:1:    layout_caves, uniq_erolcha
Orc:2:    st_orc_town, layout_caves, serial_shops, freezing_bzr, uniq_rupert

Skill      XL: |  1  2  3  4  5  6  7  8  9 10 11 12 13 14 |
---------------+-------------------------------------------+-----
Axes           | 3 4 5 6 8 9 10 12 16 17 | 17.0
Shields        | 4 5 15 14 | 14.3
Dodging        | 1 2 3 4 5 6 |  6.0
Fighting       | 4 5 7 9 11 13 14 | 14.0
Armour         | 4 8 10 13 14 | 14.0
Throwing       | 3 5 6 |  6.0

Action                   |  1- 3 |  4- 6 |  7- 9 | 10-12 | 13-15 || total
-------------------------+-------+-------+-------+-------+-------++-------
Melee: War axe           |   109 |    89 |   227 |   978 |   846 ||  2249
       Headbutt          |     7 |    11 |    41 |   237 |   159 ||   455
       Unarmed           |       |       |    15 |       |       ||    15
       Morningstar       |       |       |       |    15 |    17 ||    32
Throw: Javelin           |       |       |       |   149 |    37 ||   186
       Boomerang         |       |       |       |       |    84 ||    84
Invok: Sacrifice Arcana  |       |       |     1 |       |       ||     1
       Sacrifice Skill   |       |       |     1 |       |       ||     1
       Apocalypse        |       |       |       |    10 |    10 ||    20
       Sacrifice Artific |       |       |       |     1 |       ||     1
       Sacrifice Experie |       |       |       |     1 |       ||     1
       Sacrifice an Eye  |       |       |       |     1 |       ||     1
  Use: Scroll            |     8 |     2 |     6 |    17 |     8 ||    41
       Potion            |     1 |     7 |     5 |     2 |     2 ||    17
 Stab: Distracted        |       |       |     1 |     5 |     3 ||     9
       Invisible         |       |       |       |    13 |     2 ||    15
       Paralysed         |       |       |       |     7 |     8 ||    15
       Petrified         |       |       |       |     3 |       ||     3
Armor: Scale mail        |    31 |     4 |       |       |       ||    35
       Chain mail        |       |    14 |    48 |     9 |       ||    71
       Skin              |       |       |     2 |       |       ||     2
       Swamp dragon scal |       |       |       |    74 |       ||    74
       Plate armour      |       |       |       |   162 |   285 ||   447
Dodge: Dodged            |    48 |    29 |    69 |   302 |   316 ||   764
Block: Buckler           |    12 |       |       |       |       ||    12
       Kite shield       |    25 |    28 |   115 |   423 |   423 ||  1014
       Reflection        |       |       |       |       |     6 ||     6

Table legend:
 A = Non-vault XP
 B = Vault XP
 C = Vault XP percentage of total XP
 D = Non-vault monster count
 E = Vault monster count
 F = Vault count percentage of total count
                 A         B        C        D         E       F
            +---------+---------+-------+---------+---------+-------
      Total |   73186 |   46639 |  38.9 |     481 |     237 |  33.0
            +---------+---------+-------+---------+---------+-------
        D:1 |      35 |       3 |   7.9 |      23 |       2 |   8.0
        D:2 |      52 |       0 |   0.0 |      18 |       0 |   0.0
        D:3 |      32 |       0 |   0.0 |       6 |       0 |   0.0
        D:4 |     536 |       8 |   1.5 |      24 |       4 |  14.3
        D:5 |     579 |     214 |  27.0 |      15 |       1 |   6.2
        D:6 |     710 |     286 |  28.7 |      19 |       1 |   5.0
        D:7 |     960 |     812 |  45.8 |      27 |       5 |  15.6
        D:8 |     546 |     358 |  39.6 |      10 |       1 |   9.1
        D:9 |    2542 |    3852 |  60.2 |      16 |      50 |  75.8
       D:10 |    3645 |    3876 |  51.5 |      35 |      12 |  25.5
       D:11 |    5283 |       0 |   0.0 |      25 |       0 |   0.0
       D:12 |    7515 |       0 |   0.0 |      28 |       0 |   0.0
       D:13 |    3379 |    2851 |  45.8 |      15 |      28 |  65.1
       D:14 |    5377 |    1565 |  22.5 |      14 |       3 |  17.6
       D:15 |    4733 |    4033 |  46.0 |       7 |       6 |  46.2
     Lair:1 |    6125 |     587 |   8.7 |      27 |       1 |   3.6
     Lair:2 |     803 |    2623 |  76.6 |       4 |      12 |  75.0
     Lair:3 |    9490 |    2582 |  21.4 |      26 |      13 |  33.3
     Lair:4 |    6426 |       0 |   0.0 |      27 |       0 |   0.0
     Lair:5 |    6590 |   12320 |  65.2 |      28 |      25 |  47.2
      Orc:1 |    4285 |     867 |  16.8 |      33 |       1 |   2.9
      Orc:2 |    3543 |    9648 |  73.1 |      54 |      56 |  50.9
    Ossuary |       0 |     154 | 100.0 |       0 |      16 | 100.0
            +---------+---------+-------+---------+---------+-------
